 Dungeon Crawl Stone Soup version 0.20.1-1-g8b1a95d (webtiles) character file.

9055 Melbolja the Nimble (level 11, -7/47 HPs)
             Began as a Spriggan Fire Elementalist on Oct 8, 2017.
             Was an Elder of Sif Muna.
             Mangled by an orc warrior
             ... wielding a +0 scimitar
              (18 damage)
             ... on level 2 of the Orcish Mines.
             The game lasted 01:13:26 (11936 turns).

Melbolja the Nimble (Spriggan Fire Elementalist)   Turns: 11936, Time: 01:13:26

Health: -7/47      AC:  2    Str:  4    XL:     11   Next: 18%
Magic:  0/26       EV: 28    Int: 18    God:    Sif Muna [****..]
Gold:   1091       SH:  0    Dex: 19    Spells: 25/30 levels left

rFire    . . .     SeeInvis +   u - +2 short sword (distort)
rCold    . . .     Gourm    .   (shield restricted)
rNeg     . . .     Faith    .   a - +0 robe
rPois    .         Spirit   +   (helmet restricted)
rElec    .         Reflect  .   P - scarf {cloud immunity}
rCorr    +         Harm     .   (gloves unavailable)
MR       +....                  (boots unavailable)
Stlth    +++.......             e - amulet of guardian spirit
Regen    0.2/turn               n - ring of resist corrosion
MPRegen  0.2/turn               G - ring of flight

@: very quick
A: unfitting armour, see invisible, herbivore 3, speed 3, slow metabolism 2
a: Divine Energy, Channel Magic, Forget Spell, Renounce Religion, Evoke Flight


You were on level 2 of the Orcish Mines.
You worshipped Sif Muna.
Sif Muna was greatly pleased with you.
You were very full.

You visited 4 branches of the dungeon, and saw 13 of its levels.

You collected 1091 gold pieces.

Inventory:

Hand Weapons
 d - a +0 hunting sling
 m - a +0 dagger
 u - a +2 short sword of distortion (weapon)
 F - a +4 scimitar
Missiles
 g - 357 stones (quivered)
 k - an exploding tomahawk
Armour
 a - a +0 robe (worn)
 o - a +2 cloak
 P - a scarf of cloud immunity (worn)
Magical Staves
 t - an uncursed staff of poison
Jewellery
 e - an amulet of guardian spirit (around neck)
 j - an uncursed ring of protection from cold
 n - a ring of resist corrosion (left hand)
 G - a ring of flight (right hand)
 J - an uncursed amulet of harm
 M - a +3 ring of protection
 R - an uncursed ring of stealth
Wands
 v - a wand of confusion (16/48)
 y - a wand of confusion (18/48)
 I - a wand of flame (33/48)
 L - a wand of lightning (8/15)
 T - a wand of lightning (10/15)
 W - a wand of paralysis (16/24)
Scrolls
 f - 5 scrolls of identify
 h - a scroll of magic mapping
 i - 2 scrolls of blinking
 q - 3 scrolls of recharging
 E - 3 scrolls of teleportation
 O - 2 scrolls of amnesia
Potions
 l - a potion of heal wounds
 p - 3 potions of degeneration {unknown}
 r - a potion of haste {unknown}
 s - 2 potions of mutation {unknown}
 w - 2 potions of invisibility {unknown}
 x - a potion of cancellation {unknown}
 z - 2 potions of lignification {unknown}
 B - 2 potions of berserk rage
 C - a potion of might {unknown}
 D - a potion of curing
 K - a potion of resistance {unknown}
 N - a potion of brilliance {unknown}
 V - a potion of flight {unknown}
Books
 b - a book of Flames

   Spells                             Type                      Level
   a - Flame Tongue                   Conjuration/Fire             1
   b - Throw Flame                    Conjuration/Fire             2
   c - Conjure Flame                  Conjuration/Fire             3
   d - Inner Flame                    Hexes/Fire                   3
   e - Sticky Flame                   Conjuration/Fire             4
   f - Fireball                       Conjuration/Fire             5
 H - a book of Flames

   Spells                             Type                      Level
   a - Flame Tongue                   Conjuration/Fire             1
   b - Throw Flame                    Conjuration/Fire             2
   c - Conjure Flame                  Conjuration/Fire             3
   d - Inner Flame                    Hexes/Fire                   3
   e - Sticky Flame                   Conjuration/Fire             4
   f - Fireball                       Conjuration/Fire             5
 U - a book of Misfortune

   Spells                             Type                      Level
   a - Confusing Touch                Hexes                        1
   b - Confuse                        Hexes                        3
   c - Gell's Gravitas                Translocation                3
   d - Petrify                        Transmutation/Earth          4
   e - Metabolic Englaciation         Hexes/Ice                    5
   f - Yara's Violent Unravelling     Hexes/Transmutation          5
Miscellaneous
 S - a box of beasts
Comestibles
 c - a bread ration
 A - 13 royal jellies
 Q - 6 fruits


   Skills:
 + Level 11.2 Dodging
 - Level 3.0 Stealth
 + Level 10.1 Spellcasting
 + Level 6.0 Conjurations
 * Level 9.6 Fire Magic


You had 25 spell levels left.
You knew the following spells:

 Your Spells              Type           Power        Failure   Level  Hunger
a - Flame Tongue          Conj/Fire      #####        1%          1    None
b - Sticky Flame          Conj/Fire      #####...     3%          4    ###....


Dungeon Overview and Level Annotations

Branches:
Dungeon (9/15)             Temple (1/1) D:6            Lair (0/6) D:8
    Orc (2/2) D:9             Elf (1/3) Orc:2

Altars:
Ashenzari
Cheibriados
Dithmenos
Elyvilon
Fedhas
Gozag
Hepliaklqana
Kikubaaqudgha
Makhleb
Nemelex Xobeh
Okawaru
Qazlal
Ru
Sif Muna
Trog
Uskayaw
Vehumet
Xom
Yredelemnul
Zin
The Shining One
Beogh

Shops:
D:9 ?


Innate Abilities, Weirdness & Mutations

You are very small and have problems with some larger weapons.
You are too small for most types of armour.
You have supernaturally acute eyesight. (SInv)
You are a herbivore.
You cover ground extremely quickly.
You need consume almost no food.


Message History

You hit the orc priest.
The orc priest is moderately wounded.
The orc hits you from afar with a trident.
* * * LOW HITPOINT WARNING * * *
The orc priest barely misses you.
The orc priest mumbles some strange prayers to Beogh against you.
Beogh smites you!
* * * LOW HITPOINT WARNING * * *
You start resting.
Casting: Sticky Flame
Confirm with . or Enter, or press ? or * to list all spells.
Aiming: Sticky Flame
Press: ? - help, Shift-Dir - straight line, f - orc warrior
Aim: an orc warrior, wielding a scimitar and wearing a chain mail (severely wounded)
The sticky flame hits the orc warrior.
The orc warrior appears unharmed.
The orc warrior is severely wounded.
The orc warrior is covered in liquid flames!
The orc warrior burns!
The orc warrior hits you with a scimitar!!
You die... ##......###.....#......##.# .oo

#.......###......#.....#..# ...
...#.........##........##.# ....
#####.#####......#......#.#######
#.#...#...#......#.##........
#.#)8.#...##....##..#########
#.#)..'..#.###.#.....#
#.#####......o........#
#........#..@#####.....#
###########.## #....# #.# ... #.#
.. #.# #.# #.. #.. ###


You could see an orc warrior (burning).

Vanquished Creatures
  2 two-headed ogres
  Pikel (D:7)
  A hornet (D:9)
  2 trolls
  2 hippogriffs (D:8)
  A yak (D:8)
  A warg (Orc:1)
  2 soldier ants (D:9)
  2 ice beasts
  A porcupine (D:8)
  9 orc warriors
  A sky beast (D:6)
  2 slaves (D:7)
  2 black bears
  2 phantoms
  8 ogres
  3 centaurs
  A necrophage (D:9)
  A big kobold (D:9)
  7 bullfrogs
  2 scorpions
  6 killer bees (D:9)
  13 wights
  A crimson imp (D:8)
  A bullfrog zombie (D:7)
  A jelly (D:7)
  Crazy Yiuf (D:5)
  6 hounds
  An iguana (D:7)
  12 orc priests
  14 orc wizards
  Natasha (twice) (D:3)
  5 worker ants
  A killer bee zombie (D:8)
  A hound skeleton (D:6)
  2 worker ant zombies (D:8)
  Robin (D:2)
  8 adders
  2 shadow imps
  An ooze (D:1)
  An adder skeleton (D:9)
  A worm (D:2)
  2 dart slugs (D:1)
  A leopard gecko (D:4)
  46 orcs
  3 ball pythons (D:1)
  6 giant cockroaches
  16 goblins
  4 hobgoblins
  19 jackals
  3 quokkas
  7 bats
  4 frilled lizards
  8 kobolds
  2 leopard gecko skeletons
  A quokka zombie (D:8)
  8 rats
264 creatures vanquished.

Vanquished Creatures (others)
  A hornet (D:9)
  An orc warrior (D:9)
  A bullfrog (D:8)
  2 wights
  An orc priest (Orc:2)
  An iguana (D:3)
  An orc wizard (D:7)
  A worker ant (D:9)
  3 orcs
  A fungus (D:8)
13 creatures vanquished.

Grand Total: 277 creatures vanquished

Notes
Turn   | Place    | Note
-------+----------+-------------------------------------------
     0 | D:1      | Melbolja the Spriggan Fire Elementalist began the quest for the Orb.
     0 | D:1      | Reached XP level 1. HP: 9/9 MP: 5/5
    44 | D:1      | Reached skill level 1 in Conjurations
   121 | D:1      | Reached XP level 2. HP: 12/13 MP: 0/7
   710 | D:1      | Reached XP level 3. HP: 16/16 MP: 7/9
  1110 | D:2      | Found a shimmering altar of Xom.
  1111 | D:2      | Found a bloodstained altar of Trog.
  1142 | D:2      | Found a glowing silver altar of Zin.
  1165 | D:2      | Noticed Robin
  1176 | D:2      | Reached skill level 4 in Dodging
  1225 | D:2      | Killed Robin
  1225 | D:2      | Reached XP level 4. HP: 6/21 MP: 0/10
  1800 | D:2      | You fall through a shaft!
  2053 | D:3      | Noticed Natasha
  2067 | D:3      | Killed Natasha
  2067 | D:3      | Reached XP level 5. HP: 23/24 MP: 1/12
  2288 | D:3      | Noticed Natasha
  2295 | D:3      | Killed Natasha
  2479 | D:3      | Found a white marble altar of Elyvilon.
  2620 | D:3      | Reached skill level 5 in Dodging
  2841 | D:4      | Learned a level 4 spell: Sticky Flame
  2841 | D:4      | Noticed an ogre
  2845 | D:4      | Noticed an ogre
  2845 | D:4      | Noticed an ogre
  2862 | D:4      | Killed an ogre
  2862 | D:4      | Reached XP level 6. HP: 28/28 MP: 6/14
  2886 | D:4      | Reached skill level 5 in Spellcasting
  2951 | D:3      | Reached XP level 7. HP: 21/32 MP: 2/15
  3503 | D:5      | Entered Level 5 of the Dungeon
  3591 | D:5      | Reached skill level 6 in Dodging
  4059 | D:5      | Found a runed door.
  4063 | D:5      | Noticed Crazy Yiuf
  4070 | D:5      | Killed Crazy Yiuf
  4070 | D:5      | Reached skill level 5 in Fire Magic
  4320 | D:6      | Reached XP level 8. HP: 36/36 MP: 10/17
  4351 | D:6      | Reached skill level 7 in Dodging
  4365 | D:6      | Found a staircase to the Ecumenical Temple.
  4398 | Temple   | Entered the Ecumenical Temple
  4868 | Temple   | Became a worshipper of Sif Muna the Loreminder
  5166 | D:6      | Found an ancient bone altar of Kikubaaqudgha.
  5728 | D:6      | Reached skill level 8 in Dodging
  5736 | D:6      | Reached * piety under Sif Muna
  6105 | D:7      | Reached XP level 9. HP: 39/39 MP: 14/20
  6552 | D:7      | Noticed Pikel
  6559 | D:7      | Killed Pikel
  6637 | D:7      | Reached ** piety under Sif Muna
  6637 | D:7      | Reached skill level 9 in Dodging
  7230 | D:8      | Noticed a two-headed ogre
  7737 | D:7      | Killed a two-headed ogre
  7737 | D:7      | Reached XP level 10. HP: 10/44 MP: 3/23
  8010 | D:8      | Reached skill level 10 in Dodging
  8054 | D:8      | Found a staircase to the Lair.
  8059 | D:8      | Reached *** piety under Sif Muna
  8059 | D:8      | Reached skill level 5 in Conjurations
  8355 | D:8      | Noticed a two-headed ogre
  8359 | D:8      | Found a sacrificial altar of Ru.
  8376 | D:8      | Killed a two-headed ogre
  8883 | D:9      | Found a staircase to the Orcish Mines.
  8910 | D:9      | Found Jaitar's Magic Scroll Shoppe.
  9108 | D:9      | Found a shadowy altar of Dithmenos.
  9674 | D:9      | Reached **** piety under Sif Muna
 10168 | D:9      | Reached skill level 11 in Dodging
 10781 | D:9      | Reached XP level 11. HP: 47/47 MP: 13/25
 10909 | Orc:1    | Entered Level 1 of the Orcish Mines
 11257 | Orc:2    | Entered Level 2 of the Orcish Mines
 11259 | Orc:2    | Found a staircase to the Elven Halls.
 11277 | Elf:1    | Entered Level 1 of the Elven Halls
 11277 | Elf:1    | Noticed a deep elf mage
 11277 | Elf:1    | Noticed a deep elf mage
 11277 | Elf:1    | Noticed a deep elf mage
 11300 | Orc:2    | Reached skill level 10 in Spellcasting
 11854 | Orc:2    | Found a roughly hewn altar of Beogh.
 11936 | Orc:2    | Mangled by an orc warrior

Skill      XL: |  1  2  3  4  5  6  7  8  9 10 11 |
---------------+----------------------------------+-----
Conjurations   | 1 2 3 4 5 6 |  6.0
Spellcasting   | 3 4 5 7 8 9 10 | 10.1
Dodging        | 4 5 6 8 9 11 | 11.2
Fire Magic     | 3 4 5 6 8 9 |  9.6
Stealth        | |  3.0

Action                   |  1- 3 |  4- 6 |  7- 9 | 10-12 || total
-------------------------+-------+-------+-------+-------++-------
Melee: Dagger            |    65 |       |       |       ||    65
       Short sword       |       |    28 |   134 |   136 ||   298
 Fire: Hunting sling     |       |     4 |       |       ||     4
Throw: Stone             |     1 |     5 |       |       ||     6
 Cast: Flame Tongue      |    64 |    81 |   107 |     7 ||   259
       Sticky Flame      |       |       |    44 |    80 ||   124
  Use: Potion            |     3 |       |     2 |     1 ||     6
       Scroll            |     2 |       |    14 |     2 ||    18
 Stab: Sleeping          |       |     4 |     4 |     4 ||    12
       Distracted        |       |       |       |     1 ||     1
  Eat: Bread ration      |       |       |     2 |     3 ||     5
Armor: Robe              |    13 |     2 |    11 |     6 ||    32
Dodge: Dodged            |   101 |    31 |   204 |   200 ||   536
